 Dungeon Crawl Stone Soup version 0.32-a0-665-g3d30ec2550 (webtiles) character file.

Game seed: 18301262396099875057

14481 nuthulu the Warrior (level 11, -1/114 HPs)
             Began as a Minotaur Fighter on Mar 9, 2024.
             Was a Priest of Okawaru.
             Slain by an orc warrior
             ... wielding a +0 halberd
              (15 damage)
             ... on level 10 of the Dungeon.
             The game lasted 00:17:02 (10102 turns).

nuthulu the Warrior (Minotaur Fighter)             Turns: 10102, Time: 00:17:03

Health: -1/114     AC: 20    Str: 28    XL:     11   Next: 89%
Magic:  13/14      EV:  7    Int:  5    God:    Okawaru [***...]
Gold:   1174       SH:  6    Dex: 10    Spells: 10/10 levels left

rFire   + . .        G - +1 broad axe (elec)
rCold   + . .        F - +2 buckler {rC+ rF+}
rNeg    . . .        g - +0 plate armour
rPois   .            (helmet restricted)
rElec   .            i - +1 cloak "Hovudatz" {Str+3 Stlth+}
rCorr   .            e - +2 pair of gloves
SInv    +            v - +2 pair of boots
Will    .....        (no amulet) Stlth
                     D - ring of see invisible
HPRegen 0.39/turn    (no ring)
MPRegen 0.14/turn

%: no passive effects
@: mighty, lethally poisoned (-1 -> -25), weakened, slowed, very slow
A: horns 2, retaliatory headbutt
a: Renounce Religion, Heroism


You were on level 10 of the Dungeon.
You worshipped Okawaru.
Okawaru was most pleased with you.
You visited 2 branches of the dungeon, and saw 11 of its levels.
You also visited: Sewer and Bailey.

You collected 1512 gold pieces.
You spent 338 gold pieces at shops.

Inventory:

Hand Weapons
 a - a +1 war axe of venom
 A - the +5 morningstar of Exquisite Death {heavy, rCorr Dex+4}
   (You took it off a kobold in a bailey)

   Dex+4:     It affects your dexterity (+4).
   rCorr:     It protects you from acid and corrosion.
 G - a +1 broad axe of electrocution (weapon)
Missiles
 K - 2 throwing nets (quivered)
Armour
 e - a +2 pair of gloves (worn)
 g - a +0 plate armour (worn)
 i - the +1 cloak "Hovudatz" (worn) {Str+3 Stlth+}
   (You found it on level 3 of the Dungeon)

   Str+3:     It affects your strength (+3).
   Stlth+:    It makes you more stealthy.
 v - a +2 pair of boots (worn)
 F - a +2 buckler of resistance (worn)
Jewellery
 b - an amulet of the acrobat
 D - a ring of see invisible (left hand)
Wands
 k - a wand of flame (42)
 r - a wand of warping (15)
 w - a wand of digging (3)
 C - a wand of paralysis (13)
 H - a wand of quicksilver (5)
 M - a wand of mindburst (9)
Scrolls
 c - 2 scrolls of poison
 l - a scroll of blinking
 m - a scroll of fog
 p - 6 scrolls of teleportation
 s - a scroll of immolation
 t - 2 scrolls of amnesia
 u - a scroll of vulnerability
 y - a scroll of brand weapon
 E - 3 scrolls of noise
 L - a scroll of fear
Potions
 d - a potion of might
 f - a potion of berserk rage
 h - 2 potions of haste
 j - a potion of magic
 n - a potion of heal wounds
 o - 2 potions of resistance
 q - a potion of lignification
 x - a potion of brilliance
 z - a potion of cancellation {unknown}
 B - 2 potions of attraction
 J - a potion of mutation


   Skills:
 + Level 15.8 Fighting
 + Level 15.6 Axes
 - Level 3.6 Armour
 - Level 3.6 Shields
 + Level 5.3 Invocations


You had 10 spell levels left.
You didn't know any spells.
Your spell library contained the following spells:

 Spells                   Type           Power      Damage    Failure   Level
 Kiss of Death            Conj/Necr      0%         2d5       100%        1
 Sandblast                Erth           0%         2d4       100%        1
 Scorch                   Fire           0%         2d5       100%        2
 Confusing Touch          Hex            0%         N/A       100%        3
 Inner Flame              Hex/Fire       0%         N/A       100%        3
 Passwall                 Erth           0%         N/A       100%        3
 Stone Arrow              Conj/Erth      0%         3d7       100%        3
 Brom's Barrelling Bould  Conj/Erth      0%         2d3       100%        4
 Dispel Undead            Necr           0%         3d6       100%        4
 Flame Wave               Conj/Fire      0%         2d4       100%        4
 Irradiate                Conj/Alch      0%         3d11      100%        5
 Lee's Rapid Deconstruct  Erth           0%         3d4*      100%        5
 Ignition                 Fire           0%         3d3       100%        8
 Animate Armour           Summ/Erth      Unusable   N/A       N/A         4
 Summon Lightning Spire   Summ/Air       Unusable   N/A       N/A         4
 Summon Cactus Giant      Summ           Unusable   N/A       N/A         6

Dungeon Overview and Level Annotations

Branches:
Dungeon (10/15)            Temple (1/1) D:4           Sewer (visited)
 Bailey (visited)
   Lair: D:8-11         Orc: D:9-12

Altars:
Ashenzari
Cheibriados
Dithmenos
Elyvilon
Fedhas
Gozag
Hepliaklqana
Kikubaaqudgha
Makhleb
Nemelex Xobeh
Okawaru
Qazlal
Ru
Sif Muna
Trog
Uskayaw
Vehumet
Wu Jian
Xom
Yredelemnul
Zin
The Shining One

Shops:
D:1 (   D:10 !


Innate Abilities, Weirdness & Mutations

You have a pair of horns on your head.
You reflexively headbutt those who attack you in melee.


Message History

Found a book of Iron.
You feel sick.
The orc priest hits you with a +0 broad axe.
The orc warrior hits you from afar with a +0 halberd!
* * * LOW HITPOINT WARNING * * *
The gnoll sergeant hits you with a +0 trident.
* * * LOW HITPOINT WARNING * * *
The kobold brigand throws a curare-tipped dart.
The curare-tipped dart hits you.
You are more poisoned.
You have difficulty breathing.
* * * LOW HITPOINT WARNING * * *
You feel yourself slow down.
You barely miss the gnoll sergeant. You headbutt the gnoll sergeant.
The gnoll sergeant is lightly wounded.
You hit the orc priest.
You feel very sick.
The orc priest hits you but does no damage.
You block the orc warrior's attack. The gnoll sergeant closely misses you.
You furiously retaliate!
You headbutt the gnoll sergeant!
The kobold brigand throws a curare-tipped dart.
The curare-tipped dart hits you.
You are more poisoned.
You have difficulty breathing.
* * * LOW HITPOINT WARNING * * *
You feel as though you will be slow longer.
The orc priest hits you but does no damage.
You block the orc warrior's attack.
You feel much better.
You feel very sick.
The gnoll sergeant hits you with a +0 trident.
* * * LOW HITPOINT WARNING * * *
The kobold brigand throws a curare-tipped dart.
The curare-tipped dart hits you.
You are lethally poisoned!
You have difficulty breathing.
* * * LOW HITPOINT WARNING * * *
You feel as though you will be slow longer.
The orc priest hits you but does no damage.
The orc warrior hits you from afar with a +0 halberd!
You die...

≈≈≈≈≈≈~....~≈≈≈≈≈≈≈~≈≈≈≈≈≈≈≈≈
~≈≈~~~~....~≈~≈≈≈~~≈~~~#####
.......................# gg
#######''''#############
......#....#.......#
......#....#)(...^.#
......'..))[.)....g#
##################K#
#÷..g@).# ≈.....o))$#
~......o..#' ..#......... .
########... ..: ....# ###
#####


You could see an orc warrior, a kobold brigand, a gnoll sergeant and an orc
priest.

Vanquished Creatures
  4 two-headed ogres
  Amaemon (D:9)
  A cyclops (D:10)
  An orange demon (D:9)
  Maggie (D:8)
  3 kobold demonologists (D:10)
  2 trolls (D:10)
  A hornet (D:9)
  Grinder (D:3)
  A shadow (D:10)
  Sigmund (D:3)
  5 wyverns
  13 yaks
  Grum (D:9)
  2 wargs (D:10)
  A water moccasin (D:8)
  8 orc warriors
  An ice beast (D:6)
  A sky beast (D:7)
  A black bear (D:5)
  A crocodile (Sewer)
  2 phantoms
  5 centaurs
  4 wolves (D:9)
  14 kobold brigands
  4 gnoll sergeants
  5 scorpions
  6 wights
  5 howler monkeys
  8 killer bees
  A bombardier beetle (D:5)
  2 jellies (D:5)
  6 gnoll boudas (D:10)
  3 hounds
  4 orc priests
  3 sleepcaps (D:6)
  7 iguanas
  Natasha (thrice) (D:2)
  12 orc wizards
  Robin (D:2)
  12 gnolls
  8 adders
  3 white imps
  4 dart slugs
  2 ribbon worms (D:3)
  28 orcs
  9 endoplasms
  5 giant cockroaches
  21 goblins
  10 hobgoblins
  8 jackals
  4 quokkas
  8 ball pythons
  5 bats
  2 frilled lizards (D:1)
  39 kobolds
  3 rats
317 creatures vanquished.

Notes
Turn   | Place    | Note
-------+----------+-------------------------------------------
     0 | D:1      | nuthulu the Minotaur Fighter began the quest for the Orb.
     0 | D:1      | Reached XP level 1. HP: 19/19 MP: 0/0
   241 | D:1      | Reached XP level 2. HP: 26/27 MP: 1/1
   622 | D:1      | Reached XP level 3. HP: 34/34 MP: 2/2
   631 | D:1      | Found Bearinep's Antique Weapon Boutique.
  1128 | D:2      | Noticed Natasha
  1134 | D:2      | Killed Natasha
  1135 | D:2      | Reached skill level 5 in Fighting
  1135 | D:2      | Reached XP level 4. HP: 29/42 MP: 3/3
  1199 | D:2      | You fall into a shaft and drop 1 floor!
  1320 | D:3      | Identified the +1 cloak "Hovudatz" {Str+3 Stlth+}
  1329 | D:3      | Noticed Grinder
  1338 | D:3      | Paralysed by Grinder for 2 turns
  1344 | D:3      | Killed Grinder
  1345 | D:3      | Reached skill level 5 in Axes
  1345 | D:3      | Reached XP level 5. HP: 39/50 MP: 4/4
  1345 | D:3      | Reached XP level 6. HP: 45/57 MP: 5/5
  1793 | D:2      | Noticed Robin
  1801 | D:2      | Killed Robin
  2249 | D:2      | Noticed Natasha
  2253 | D:2      | Killed Natasha
  2380 | D:2      | Noticed Natasha
  2385 | D:2      | Killed Natasha
  2386 | D:2      | Reached XP level 7. HP: 66/66 MP: 6/6
  2553 | D:3      | Noticed Sigmund
  2569 | D:3      | Killed Sigmund
  2693 | D:3      | Found the +5 woodcutter's axe
  2758 | D:4      | Found a staircase to the Ecumenical Temple.
  2770 | Temple   | Entered the Ecumenical Temple
  3290 | D:4      | Reached XP level 8. HP: 66/75 MP: 7/7
  3331 | D:4      | Found a hazy altar of Hepliaklqana.
  3631 | D:5      | Entered Level 5 of the Dungeon
  4006 | D:5      | Found a white marble altar of Elyvilon.
  4145 | D:5      | Reached skill level 10 in Fighting
  4734 | D:6      | Reached skill level 10 in Axes
  4851 | D:6      | Found a glowing drain.
  4856 | Sewer    | Entered a sewer
  4913 | Sewer    | Reached XP level 9. HP: 75/86 MP: 8/8
  5118 | D:6      | Found a glowing silver altar of Zin.
  6076 | D:7      | Found a flagged portal.
  6086 | Bailey   | Entered a bailey
  6157 | Bailey   | Identified the +5 morningstar of Exquisite Death {heavy,
                  | rCorr Dex+4}
  6387 | Bailey   | Found an iron altar of Okawaru.
  6493 | D:7      | Noticed a two-headed ogre
  6504 | D:7      | Killed a two-headed ogre
  6505 | D:7      | Reached XP level 10. HP: 93/100 MP: 9/9
  6784 | D:7      | Found a radiant altar of Vehumet.
  7147 | D:8      | Found a shimmering blue altar of Sif Muna.
  7493 | D:8      | Noticed Maggie
  7501 | D:8      | Killed Maggie
  8041 | D:9      | Noticed a two-headed ogre
  8052 | D:8      | Killed a two-headed ogre
  8265 | D:9      | Found a glowing golden altar of the Shining One.
  8361 | D:9      | Found an iron altar of Okawaru.
  8374 | D:9      | Became a worshipper of Warmaster Okawaru
  8409 | D:9      | Reached XP level 11. HP: 111/111 MP: 10/10
  8441 | D:9      | Noticed Grum
  8442 | D:9      | Reached skill level 1 in Invocations
  8447 | D:9      | Killed Grum
  8634 | D:9      | Noticed Amaemon
  8640 | D:9      | Reached * piety under Okawaru
  8648 | D:9      | Killed Amaemon
  8649 | D:9      | Reached skill level 15 in Fighting
  8809 | D:9      | Paralysed by a hornet for 3 turns
  9242 | D:10     | Entered Level 10 of the Dungeon
  9413 | D:10     | Found Fuiduaw's Distillery.
  9416 | D:10     | Bought a potion of curing for 39 gold pieces
  9416 | D:10     | Bought a potion of heal wounds for 65 gold pieces
  9416 | D:10     | Bought a potion of haste for 130 gold pieces
  9476 | D:10     | Bought a potion of mutation for 104 gold pieces
  9577 | D:10     | Reached skill level 15 in Axes
  9685 | D:10     | Reached ** piety under Okawaru
 10074 | D:10     | Noticed a two-headed ogre
 10075 | D:10     | Noticed a two-headed ogre
 10087 | D:10     | Killed a two-headed ogre
 10090 | D:10     | Killed a two-headed ogre
 10090 | D:10     | Reached *** piety under Okawaru
 10091 | D:10     | Reached skill level 5 in Invocations
 10101 | D:10     | HP: 3/114 [asphyx]
 10102 | D:10     | Slain by an orc warrior

Illustrated notes

Levels and vault maps discovered:
D:1:      eino_arrival_cavern_a, layout_rooms, serial_shops,
          nicolae_shop_tiny_glass, serial_bayou_pond_a
D:2:      layout_loops_corners, st_stairs_7, uniq_natasha, uniq_robin
D:3:      layout_rooms, pf_guarded_unrand_woodcutter, uniq_sigmund, uniq_grinder
D:4:      nicolae_BIG_FREAKIN_CUBE, layout_basic, nzn_hepliaklqana_mist_gate,
          minmay_temple_entry_antechambers, st_stairs_2,
          minmay_misc_feat_pillars, grunt_decor_fettered,
          minmay_fractal_squares_gapless_5
D:5:      layout_loops_ring, nicolae_elyvilon_peaceful_grove, grunt_decor_cap,
          nicolae_zen_rock_garden, nicolae_fountain_basement
D:6:      layout_gridville, zin_statuary,
          mainiacjoe_sewer_entry_somewhere_in_here_1
D:7:      nicolae_whirlpool, layout_basic, mainiacjoe_overflow_six_doors_small,
          enter_bailey_3, minmay_misc_feat_four_crosses
D:8:      layout_layer_cave, mainiacjoe_overflow_alcove_4, uniq_maggie
D:9:      nicolae_cairo_tiling, layout_rooms, mainiacjoe_overflow_chevrons,
          tso_metal_star, uniq_amaemon, uniq_grum
D:10:     lemuel_castle_with_subvaults [lemuel_castle_interior_carwin_3],
          layout_irregular_city, serial_shops, shop
Temple:   minmay_freezing_vapour_temple

Skill      XL: |  1  2  3  4  5  6  7  8  9 10 11 |
---------------+----------------------------------+-----
Fighting       | 4 5 6 7 8 10 12 14 15 | 15.8
Axes           | 3 4 5 6 8 10 12 14 15 | 15.6
Invocations    | 5 |  5.3
Armour         | |  3.6
Shields        | |  3.6

Action                     |  1- 3 |  4- 6 |  7- 9 | 10-12 || total
---------------------------+-------+-------+-------+-------++-------
  Melee: War axe           |    87 |    71 |   214 |    85 ||   457
         Headbutt          |    13 |    19 |    45 |    59 ||   136
         Broad axe         |       |       |       |   184 ||   184
 Invoke: Heroism           |       |       |       |     1 ||     1
  Evoke: Wand              |       |       |     1 |       ||     1
    Use: Scroll            |     4 |     4 |    10 |     7 ||    25
         Potion            |       |     3 |     4 |     8 ||    15
 Armour: Scale mail        |    65 |    69 |   187 |    52 ||   373
         Plate armour      |       |       |       |   260 ||   260
  Dodge: Dodged            |    56 |    27 |    97 |   105 ||   285
  Block: Buckler           |    21 |    14 |    37 |   118 ||   190

Table legend: (Time is in decaauts)
 A = Elapsed time spent in this place.
 B = Non-inter-level travel time spent in this place.
 C = Inter-level travel time spent in this place.
 D = Time resting spent in this place.
 E = Time spent auto-exploring this place.
 F = Levels seen in this place.
 G = Mean time per level.
                   A        B        C        D        E       F      G
               +--------+--------+--------+--------+--------+-----+--------+
         Total |  10182 |   9787 |    395 |   1858 |   5657 |  13 |  783.2 |
       Dungeon |   9647 |   9252 |    395 |   1675 |   5524 |  10 |  964.7 |
        Temple |      7 |      7 |      0 |      0 |      0 |   1 |    7.0 |
         Sewer |    157 |    157 |      0 |      0 |     85 |   1 |  157.0 |
        Bailey |    370 |    370 |      0 |    183 |     47 |   1 |  370.0 |
               +--------+--------+--------+--------+--------+-----+--------+

Top non-repeatable levels by time:
     D:8: 1324 daAuts
     D:5: 1055 daAuts
     D:9: 1030 daAuts
     D:7: 1001 daAuts
     D:3: 961 daAuts
     D:2: 961 daAuts
     D:4: 884 daAuts
     D:1: 882 daAuts
    D:10: 846 daAuts
     D:6: 701 daAuts
  Bailey: 370 daAuts
   Sewer: 157 daAuts
  Temple: 7 daAuts
